cohdb
Replays
Latest Replays
All Replays
Popular Replays
Top Player Replays
Match Explorer
How It Works
Community
CoH3 Stats
Reddit
Sign in to upload your games and track your stats! →
Sign in with Steam
Match 30412262
Unlisted
Match 30412262
Overview
Messages
Build Orders
End
Vickers Machine Gun Team
Construct Section Command Post
Selects Heavy Armor Battlegroup
Royal Engineer Section
Construct Field Infirmary
Dingo Light Scout Car
ML 3-inch Mortar Team
Construct Platoon Command Post
Selects Light Vehicle Withdraw and Refit
Light Vehicle Withdraw and Refit
Infantry Section
Unlock M3 Stuart Light Tanks
Selects Forward Repair Assembly
Selects Engineer Detachments
Selects Engineer Detachments
M3 Stuart Light Tank
Infantry Section
Grenade Package
M3 Stuart Light Tank
Vickers Machine Gun Team
Vickers Machine Gun Team
Vickers Machine Gun Team
優勢在我
seedtown
南京彭于晏
文伽
秋有名
montadhar
iAinEng
Akaxiya
0
0
Comments
sign in to comment!
No comments posted yet!